 Dungeon Crawl Stone Soup version 0.31-a0-222-gefeffbb62a (webtiles) character file.

Game seed: 12472790499158105885

4211 ptdevnull the Basher (level 10, -8/93 HPs)
             Began as a Minotaur Fighter on June 29, 2023.
             Was an Elder of Okawaru.
             Mangled by an orc warlord
             ... wielding a +5 battleaxe
              (15 damage)
             ... in a bailey on July 6, 2023.
             The game lasted 00:13:34 (4493 turns).

ptdevnull the Basher (Minotaur Fighter)             Turns: 4493, Time: 00:13:35

Health: -8/93      AC: 11    Str: 31    XL:     10   Next: 8%
Magic:  11/12      EV: 10    Int:  5    God:    Okawaru [****..]
Gold:   330        SH:  5    Dex: 10    Spells: 9/9 levels left

rFire   . . .        a - +0 flail
rCold   . . .        c - +0 buckler
rNeg    . . .        w - +0 chain mail
rPois   .            (helmet restricted)
rElec   .            (no cloak)
rCorr   .            (no gloves)
SInv    .            (no boots)
Will    .....        e - amulet of regeneration Stlth
                     t - +6 ring of strength
HPRegen 1.15/turn    (no ring)
MPRegen 0.13/turn

%: no passive effects
@: heroic
A: horns 2, retaliatory headbutt
a: Renounce Religion, Heroism, Finesse


You were in a bailey.
You worshipped Okawaru.
Okawaru was greatly pleased with you.
You visited 1 branch of the dungeon, and saw 7 of its levels.
You also visited: Bailey.

You collected 330 gold pieces.

Inventory:

Hand Weapons
 a - a +0 flail (weapon)
 x - a +0 war axe
Missiles
 o - 3 silver javelins
 A - a throwing net
Armour
 c - a +0 buckler (worn)
 w - a +0 chain mail (worn)
Jewellery
 b - a ring of wizardry
 e - an amulet of regeneration (around neck)
 i - an amulet of guardian spirit
 t - a +6 ring of strength (left hand)
Wands
 z - a wand of quicksilver (6)
Scrolls
 d - a scroll of identify
 h - a scroll of enchant weapon {unknown}
 n - 2 scrolls of enchant armour
 p - a scroll of amnesia
 v - a scroll of fear
Potions
 f - 2 potions of curing
 g - 4 potions of magic
 j - 2 potions of brilliance
 k - a potion of lignification {unknown}
 l - a potion of enlightenment {unknown}
 m - 3 potions of heal wounds
 r - a potion of cancellation {unknown}
 u - a potion of might


   Skills:
 - Level 10.0(15.0) Fighting
 - Level 14.0(19.0) Maces & Flails
 - Level 3.6(8.6) Armour
 - Level 3.6(8.6) Shields
 + Level 4.0 Invocations


You had 9 spell levels left.
You didn't know any spells.
Your spell library contained the following spells:

 Spells                   Type           Power      Damage    Failure   Level
 Cigotuvi's Dreadful Rot  Necr/Pois/Air  0%         N/A       96%         2
 Scorch                   Fire           0%         2d5       96%         2
 Sublimation of Blood     Necr           0%         N/A       96%         2
 Wereblood                Tmut           0%         N/A       96%         2
 Gell's Gravitas          Tloc           0%         N/A       99%         3
 Ignite Poison            Fire/Tmut/Pois 0%         N/A       99%         3
 Stone Arrow              Conj/Erth      0%         3d7       99%         3
 Teleport Other           Tloc           0%         N/A       99%         3
 Flame Wave               Conj/Fire      0%         2d4       100%        4
 Freezing Cloud           Conj/Ice/Air   0%         6-21      100%        5
 Dispersal                Tloc           0%         N/A       100%        6
 Lehudib's Crystal Spear  Conj/Erth      0%         10d2      100%        8
 Animate Armour           Summ/Erth      Unusable   N/A       N/A         4
 Summon Cactus Giant      Summ           Unusable   N/A       N/A         6
 Summon Hydra             Summ           Unusable   N/A       N/A         7

Dungeon Overview and Level Annotations

Branches:
Dungeon (7/15)             Temple (0/1) D:6          Bailey (1/1)

Altars:
Cheibriados
Elyvilon
Fedhas
Makhleb
Okawaru
Ru
Uskayaw
Xom
The Shining One

Shops:
D:5 [


Innate Abilities, Weirdness & Mutations

You have a pair of horns on your head.
You reflexively headbutt those who attack you in melee.


Message History

a +0 hand axe; a +0 leather armour
Things that are here:
a +0 hand axe; a +0 leather armour You gain the combat prowess of a mighty hero.
You can no longer enter into single combat with a foe.
Okawaru will no longer gift you equipment.
You sock the orc warlord!
The orc warlord is lightly wounded.
The orc warlord hits you with a +5 battleaxe!
You sock the orc warlord! You headbutt the orc warlord!
The orc warlord is moderately wounded.
You hit the orc warlord.
The orc warlord is moderately wounded.
The orc warlord hits you with a +5 battleaxe!
You sock the orc warlord! You headbutt the orc warlord!
The orc warlord is heavily wounded.
The orc warlord hits you with a +5 battleaxe!
You barely miss the orc warlord.
The orc warlord is heavily wounded.
You hit the orc warlord.
The orc warlord is heavily wounded.
The orc warlord hits you with a +5 battleaxe!!
You sock the orc warlord! You headbutt the orc warlord.
The orc warlord is severely wounded.
You block the orc warlord's attack.
You sock the orc warlord!
The orc warlord is severely wounded.
You hit the orc warlord but do no damage.
You headbutt the orc warlord!
The orc warlord is almost dead.
The orc warlord hits you with a +5 battleaxe!!
* * * LOW HITPOINT WARNING * * *
You bludgeon the orc warlord!! Your headbutt misses the orc warlord.
The orc warlord is almost dead.
The orc warlord hits you with a +5 battleaxe!
* * * LOW HITPOINT WARNING * * *
You hit the orc warlord.
The orc warlord is almost dead.
The orc warlord hits you with a +5 battleaxe!
You die...

#.........##
##...
#.........#
#...
##.......##
##..
#...)...# #..
##..)..## ##.
##'#### ##
##...).## ##.
#...))..# #..
##...@...##
##.g
#....o....#
#...
##.........##
##..o
#.....⌠))...#
#....
##......)..##
##...
#.........#
#...
##.......##
##))
#.......'
.....o)).
##.....##.
......##.


You could see an orc warlord.

Vanquished Creatures
  An orc knight (Bailey)
  3 water moccasins
  Duvessa (D:4)
  2 black bears
  10 orc warriors (Bailey)
  An ice beast (D:5)
  4 ogres
  A centaur (D:5)
  4 phantoms
  A kobold brigand (D:7)
  A bullfrog (D:6)
  A gnoll sergeant (D:5)
  5 scorpions
  Dowan (D:4)
  A howler monkey (D:6)
  3 orc priests
  A hound (D:6)
  3 jellies
  A sleepcap (D:4)
  9 orc wizards
  3 iguanas
  Robin (D:2)
  10 gnolls
  10 adders
  A white imp (D:6)
  A worm (D:5)
  3 dart slugs
  30 orcs
  8 ball pythons
  7 bats
  3 endoplasms
  2 giant cockroaches
  36 goblins
  16 hobgoblins
  3 jackals (D:2)
  14 kobolds
  2 quokkas (D:1)
  2 frilled lizards
  A rat (D:1)
207 creatures vanquished.

Notes
Turn   | Place    | Note
-------+----------+-------------------------------------------
     0 | D:1      | ptdevnull the Minotaur Fighter began the quest for the Orb.
     0 | D:1      | Reached XP level 1. HP: 19/19 MP: 0/0
   118 | D:1      | Reached skill level 3 in Maces & Flails
   143 | D:1      | Reached XP level 2. HP: 23/27 MP: 1/1
   417 | D:1      | Reached XP level 3. HP: 32/33 MP: 2/2
   670 | D:1      | Reached skill level 4 in Maces & Flails
   686 | D:1      | Upgraded the game from 0.31-a0-208-gdb31a4691d to
                  | 0.31-a0-222-gefeffbb62a
   813 | D:2      | Noticed Robin
   824 | D:2      | Killed Robin
   842 | D:2      | Reached XP level 4. HP: 41/41 MP: 3/3
  1395 | D:3      | Found a glowing golden altar of the Shining One.
  1398 | D:3      | Reached skill level 5 in Maces & Flails
  1408 | D:3      | Found a shimmering altar of Xom.
  1409 | D:3      | Found a white marble altar of Elyvilon.
  1410 | D:3      | Found an iron altar of Okawaru.
  1411 | D:3      | Found a hide-covered altar of Uskayaw.
  1412 | D:3      | Found a burning altar of Makhleb.
  1412 | D:3      | Found a blossoming altar of Fedhas.
  1413 | D:3      | Found a snail-covered altar of Cheibriados.
  1439 | D:3      | Became a worshipper of Warmaster Okawaru
  1576 | D:3      | Noticed an ogre
  1584 | D:3      | Killed an ogre
  1585 | D:3      | Reached skill level 5 in Fighting
  1585 | D:3      | Reached XP level 5. HP: 26/48 MP: 4/4
  1715 | D:3      | Reached skill level 6 in Maces & Flails
  1911 | D:4      | Noticed Dowan
  1912 | D:4      | Noticed Duvessa
  2001 | D:4      | Reached XP level 6. HP: 48/56 MP: 5/5
  2178 | D:4      | Reached skill level 7 in Maces & Flails
  2218 | D:4      | Reached * piety under Okawaru
  2266 | D:4      | Killed Duvessa
  2267 | D:4      | Reached XP level 7. HP: 59/64 MP: 6/6
  2269 | D:4      | Killed Dowan
  2270 | D:4      | Reached skill level 8 in Maces & Flails
  2573 | D:5      | Entered Level 5 of the Dungeon
  2640 | D:5      | Reached ** piety under Okawaru
  2641 | D:5      | Reached skill level 9 in Maces & Flails
  2666 | D:5      | Reached XP level 8. HP: 69/73 MP: 7/7
  2915 | D:5      | Reached skill level 10 in Maces & Flails
  2968 | D:5      | Reached *** piety under Okawaru
  3121 | D:5      | Found a sacrificial altar of Ru.
  3321 | D:5      | Found Lodbrok's Dragon-Slaying Spoils.
  3469 | D:6      | Reached skill level 11 in Maces & Flails
  3622 | D:6      | Reached XP level 9. HP: 77/83 MP: 8/8
  3724 | D:6      | Reached skill level 12 in Maces & Flails
  3772 | D:6      | Reached **** piety under Okawaru
  3832 | D:6      | Found a staircase to the Ecumenical Temple.
  4105 | D:7      | Found a flagged portal.
  4130 | Bailey   | Entered a bailey
  4237 | Bailey   | Reached skill level 10 in Fighting
  4237 | Bailey   | Reached skill level 13 in Maces & Flails
  4245 | Bailey   | Reached skill level 1 in Invocations
  4313 | Bailey   | Noticed an orc knight
  4365 | Bailey   | Killed an orc knight
  4365 | Bailey   | Reached ***** piety under Okawaru
  4366 | Bailey   | Reached skill level 14 in Maces & Flails
  4366 | Bailey   | Reached XP level 10. HP: 58/93 MP: 8/11
  4475 | Bailey   | Noticed an orc warlord
  4493 | Bailey   | Mangled by an orc warlord

Illustrated notes

Levels and vault maps discovered:
D:1:      scummos_arrival_simple_crosswalls, layout_basic, serial_forest,
          infiniplex_forest_pool, infiniplex_forest_lined_2,
          infiniplex_forest_pool, infiniplex_forest_clump_C,
          infiniplex_forest_lined_room_, infiniplex_forest_lined_2,
          infiniplex_forest_lined_3, infiniplex_forest_straight_3
D:2:      layout_basic, grunt_decor_mini_mirrors,
          nicolae_twisty_statue_hallways, uniq_robin
D:3:      layout_basic, grunt_temple_overflow_open
D:4:      layout_cave_pools, uniq_duvessa
D:5:      layout_cave_pools, mainiacjoe_overflow_alcove_2,
          nicolae_shop_dragon_depot, grunt_decor_resistance,
          kennysheep_generic_room_3
D:6:      layout_rooms, minmay_temple_entry_slanted,
          minmay_a_box_with_orc_wizards_in_it
D:7:      layout_loops_ring, enter_bailey_7, minmay_fractal_squares_gapless_5,
          uniq_pikel
Bailey:   bailey_axe_minmay_hex_keep, bailey

Skill      XL: |  1  2  3  4  5  6  7  8  9 10 |
---------------+-------------------------------+-----
Maces & Flails | 3 4 5 6 7 9 11 14 | 14.0
Fighting       | 4 5 6 7 9 10 | 10.0
Invocations    | 3 4 |  4.0
Armour         | |  3.6
Shields        | |  3.6

Action                     |  1- 3 |  4- 6 |  7- 9 | 10-12 || total
---------------------------+-------+-------+-------+-------++-------
  Melee: Flail             |    69 |   121 |   337 |    40 ||   567
         Headbutt          |    10 |    15 |    69 |     8 ||   102
 Invoke: Heroism           |       |       |     2 |     1 ||     3
    Use: Potion            |     1 |     1 |     1 |       ||     3
         Scroll            |       |     1 |    11 |       ||    12
 Armour: Scale mail        |    34 |    53 |     1 |       ||    88
         Chain mail        |       |       |   140 |     9 ||   149
  Dodge: Dodged            |    25 |    54 |    85 |    10 ||   174
  Block: Buckler           |    12 |    27 |    55 |     4 ||    98

Table legend: (Time is in decaauts)
 A = Elapsed time spent in this place.
 B = Non-inter-level travel time spent in this place.
 C = Inter-level travel time spent in this place.
 D = Time resting spent in this place.
 E = Time spent auto-exploring this place.
 F = Levels seen in this place.
 G = Mean time per level.
                   A        B        C        D        E       F      G
               +--------+--------+--------+--------+--------+-----+--------+
         Total |   4467 |   4297 |    170 |     48 |   3060 |   8 |  558.4 |
       Dungeon |   4140 |   3970 |    170 |     48 |   2921 |   7 |  591.4 |
        Bailey |    327 |    327 |      0 |      0 |    139 |   1 |  327.0 |
               +--------+--------+--------+--------+--------+-----+--------+

Top non-repeatable levels by time:
     D:5: 896 daAuts
     D:1: 700 daAuts
     D:3: 700 daAuts
     D:4: 640 daAuts
     D:2: 565 daAuts
     D:6: 475 daAuts
  Bailey: 327 daAuts
     D:7: 160 daAuts
